 Dungeon Crawl Stone Soup version 0.14-a0-2632-gd2f732a (webtiles) character file.

75136 4tharraofdagon the Brawler (level 15, -7/143 HPs)
             Began as a Troll Monk on Feb 15, 2014.
             Was a Priest of Cheibriados.
             Mangled by a shadow wraith (23 damage)
             ... on Level 1 of the Abyss.
             The game lasted 01:28:05 (11624 turns).

4tharraofdagon the Brawler (Troll Monk)            Turns: 11624, Time: 01:28:05

HP  -7/143       AC 18     Str 34      XL: 15   Next:  6%
MP  19/25        EV 12     Int 16      God: Cheibriados [***...]
Gold 960         SH 36     Dex 20      Spells:  6 memorised, 10 levels left

rFire  + + .     SeeInvis .       - Unarmed
rCold  . . .     Clarity  +     j - +2 robe {rF+}
rNeg   . . .     Conserve .     u - +1 large shield {AC+3}
rPois  +         rCorr    .     (helmet restricted)
rElec  .         rRot     .     S - +1 cloak {+Inv}
SustAb . .       Spirit   .     (gloves unavailable)
rMut   .         Warding  .     (boots unavailable)
Gourm  +         Stasis   .     o - amulet "Hastra Numa" {Clar rF+}
MR     +....                    g - ring of poison resistance
                                c - cursed +6 ring of protection

@: slowed, very slow, somewhat resistant to hostile enchantments, fairly
stealthy
A: unfitting armour, claws 3, fangs 1, fast metabolism 3, gourmand, sense
surroundings 1, regeneration 2, saprovore 2, shaggy fur 1, tough skin 2
a: Bend Time, Temporal Distortion, Renounce Religion, Evoke Invisibility


You were on level 1 of the Abyss.
You worshipped Cheibriados.
Cheibriados was most pleased with you.
You were very full.

You visited 5 branches of the dungeon, and saw 28 of its levels.
You visited the Abyss 1 time.
You also visited: Labyrinth, Ossuary, Ice Cave and Volcano.

You collected 2427 gold pieces.
You spent 1467 gold pieces at shops.

Inventory:

Missiles
 f - 13 javelins (quivered)
 D - 2 throwing nets
 N - 3 large rocks
Armour
 j - a +2 robe of fire resistance (worn)
 u - a +1 large shield of protection (worn)
 S - a +1 cloak of darkness (worn)
Magical devices
 p - a wand of paralysis (13)
 w - a wand of invisibility (1)
 y - a wand of invisibility (2)
 C - a wand of disintegration (13)
 G - a wand of polymorph (4)
 H - a wand of draining (4)
 Q - a wand of fire (3)
 U - a wand of confusion (8)
 X - a wand of confusion (10)
 Z - a wand of cold (2)
Comestibles
 b - 6 meat rations
 d - 11 bread rations
 q - 4 sausages
Scrolls
 i - 3 scrolls of noise
 t - 5 scrolls of teleportation
 E - 2 scrolls of blinking
 F - 3 scrolls of recharging
 I - a scroll of fear
 V - 10 scrolls of remove curse
Jewellery
 c - a cursed +6 ring of protection (left claw)
 g - a ring of poison resistance (right claw)
 k - an uncursed ring of protection from magic {unknown}
 l - an uncursed ring of protection from magic {unknown}
 m - an uncursed ring of protection from fire
 o - the amulet "Hastra Numa" (around neck) {Clar rF+}
   (You found it in a labyrinth)

   [amulet of clarity]

   It protects you from fire.
 r - an uncursed ring of see invisible {unknown}
 R - an uncursed ring of fire
 Y - an uncursed ring of protection from cold
Potions
 e - 2 potions of brilliance
 v - a potion of magic
 x - 2 potions of lignification
 A - 5 potions of heal wounds
 B - 13 potions of curing
 J - a potion of invisibility
 L - 2 potions of agility
 M - 4 potions of might
 O - 2 potions of restore abilities
 P - a potion of resistance
Books
 z - the Incunabulum of Benedictions
   (You found it on level 8 of the Lair of Beasts)

   Spells                             Type                      Level
   *Song of Slaying                   Charms                       2
   *Repel Missiles                    Charms/Air                   2
   Lethal Infusion                    Charms/Necromancy            2
   Haste                              Charms                       6
 K - a book of the Dragon

   Spells                             Type                      Level
   Flight                             Charms/Air                   3
   Cause Fear                         Hexes                        4
   Bolt of Fire                       Conjuration/Fire             6
   Dragon Form                        Transmutation                7
   Summon Dragon                      Summoning                    9
 W - a Necronomicon {highlevel}

   This book is beyond your current level of understanding.

   Spells                             Type                      Level
   Haunt                              Necromancy/Summoning         7
   Borgnjor's Revivification          Necromancy                   8
   Death's Door                       Charms/Necromancy            8
   Necromutation                      Transmutation/Necromancy     8
Miscellaneous
 a - a plain deck of war
 s - a lamp of fire


   Skills:
 + Level 7.9 Fighting
 + Level 7.5 Dodging
 - Level 1.1 Stealth
 * Level 3.6 Shields
 * Level 17.2 Unarmed Combat
 + Level 4.9 Spellcasting
 - Level 1.7 Charms
 + Level 3.4 Translocations
 + Level 9.5 Invocations
 + Level 6.5 Evocations


You had 10 spell levels left.
You knew the following spells:

 Your Spells              Type           Power        Failure   Level  Hunger
a - Apportation           Tloc           ###.......   52%         1    None
b - Animate Skeleton      Necr           N/A          99%         1    None
c - Conjure Flame         Conj/Fire      #.......     100%        3    ###....
d - Sticky Flame          Conj/Fire      #.......     100%        4    ####...
e - Song of Slaying       Chrm           #.......     98%         2    #......
f - Repel Missiles        Chrm/Air       #.....       99%         2    #......


Dungeon Overview and Level Annotations

Branches:
Dungeon (12/16)            Temple (1/1) D:7             Orc (4/4) D:9
    Elf (3/3) Orc:3          Lair (8/8) D:11         Shoals (0/5) Lair:4
  Snake (0/5) Lair:4       Spider (0/5) Lair:4        Slime (0/6) Lair:6

Altars:
Ashenzari
Cheibriados
Dithmenos
Elyvilon
Fedhas
Kikubaaqudgha
Makhleb
Nemelex Xobeh
Okawaru
Sif Muna
Trog
Vehumet
Xom
Yredelemnul
Zin
The Shining One
Beogh

Shops:
Orc:4 [}!}%

Portals:
Trove: Elf:1 (give +2 gold dragon armour)

Annotations:
D:9 MORIA


Innate Abilities, Weirdness & Mutations

You are too large for most types of armour.
You have claws for hands.
Your metabolism is lightning-fast.
You like to eat raw meat.
You heal very quickly.
You can eat rotten meat.
You are covered in fur (AC +1).
You have very tough skin (AC +2).
You have very sharp teeth.
You passively map a small area around you.


Message History

Something hits you!
* * * LOW HITPOINT WARNING * * *
Read which item? (? for menu, Esc to quit)
Okay, then.
Use which ability? (? or * to list)
You can feel time thicken for a moment.
You kill the sixfirhy!
Cheibriados thoroughly appreciates the change of pace.
You feel somewhat less full.
You can no longer inflict damage on those overly hasty.
Cheibriados reduces the support of your attributes as your movement quickens.
Something hits you!
* * * LOW HITPOINT WARNING * * *
Something drains your vigor!
You feel as though you will be slow longer.
* * * LOW HITPOINT WARNING * * *
Deactivating autopickup; reactivate with Ctrl-A.
You feel yourself growing ill in the presence of the ancient zyme.
Something hits you!
You die...

.#.. .
#...... ...
... x...
##.## #...# .
##...# . . .
#..#.# #. #
.. ..#@# .
#...####....#
. . .
.#.....## . .
.##..#.## .#
# . ##..### #
# .. ##%.# #.
... #....###
. # . #. . #
# . ###
*..#.#.. . .
.


You could see an ancient zyme (wandering).

Vanquished Creatures
  A tentacled starspawn (Abyss:1)
  Rupert (Lair:3)
  Donald (Orc:3)
  A deep elf sorcerer (Elf:3)
  2 deep elf demonologists (Elf:3)
  A deep elf high priest (Elf:3)
  A minotaur (Lab)
  A fire dragon (Lair:6)
  A hydra (Lair:5)
  2 ogre magi
  17 death yaks (Lair:8)
  4 catoblepae
  A wretched star (Abyss:1)
  A centaur warrior (Volcano)
  3 deep elf knights (Elf:1)
  2 deep trolls
  A deep elf summoner (Elf:1)
  A swamp dragon (Lair:6)
  Pikel (D:4)
  3 hill giants
  3 orc knights (Orc:2)
  2 orc sorcerers
  4 cyclopes
  A sixfirhy (Abyss:1)
  A griffon (Lair:8)
  3 black mambas
  5 elephants (Lair:8)
  A fire drake (Lair:5)
  7 spiny frogs
  A feature mimic (D:9)
  A giant firefly (Lair:4)
  A yaktaur (Volcano)
  3 komodo dragons
  2 deep elf priests (Elf:1)
  A spriggan (Lair:5)
  8 trolls
  A polar bear (Lair:5)
  A giant leech (Lair:8)
  19 blink frogs
  Prince Ribbit (Lair:3)
  6 two-headed ogres (Orc:4)
  2 sharks (Lair:8)
  A wyvern (D:11)
  An elephant slug (Lair:7)
  25 yaks
  4 deep elf magi (Elf:1)
  6 hippogriffs
  Eustachio (D:9)
  A fire dragon skeleton (Abyss:1)
  2 hungry ghosts
  Grum (Orc:4)
  4 nagas (Lair:4)
  22 wolves
  10 porcupines
  5 necrophages (Lair:3)
  32 orc warriors
  A phantom (D:8)
  2 giant goldfish (Lair:8)
  9 crocodiles
  24 ogres
  3 wargs (D:11)
  6 centaurs
  An elf zombie (Ossuary)
  An elf skeleton (D:8)
  2 giant slugs
  Blork the orc (D:8)
  8 agate snails
  11 giant frogs
  A brain worm (Abyss:1)
  2 gnoll sergeants
  9 water moccasins
  3 jellyfish (Lair:8)
  A killer bee (D:6)
  A hippogriff skeleton (D:11)
  7 wights
  2 electric eels (Lair:8)
  7 crimson imps
  4 goliath beetles
  A human zombie (D:8)
  A quasit (D:7)
  A centaur zombie (Ossuary)
  4 hounds
  6 big fish (Lair:8)
  A water moccasin zombie (D:6)
  34 orc wizards
  40 orc priests
  A human skeleton (D:8)
  6 worker ants
  5 iguanas
  2 scorpions
  2 big kobold zombies (Ossuary)
  24 sheep
  An ogre skeleton (D:7)
  2 mummies (Ossuary)
  A worker ant zombie (D:9)
  14 adders
  8 gnolls
  49 green rats
  4 giant centipedes
  3 giant mites
  12 white imps (Orc:1)
  6 worms
  An ufetubus (Abyss:1)
  An adder zombie (Ossuary)
  3 giant eyeballs
  3 giant geckos
  An ooze (D:7)
  156 orcs
  A ball python (D:3)
  12 bats
  A bat skeleton (D:5)
  A bat zombie (D:8)
  2 giant cockroaches (D:4)
  12 goblins
  9 hobgoblins
  24 jackals
  10 kobolds
  A giant gecko zombie (D:5)
  2 giant newts
  A giant newt skeleton (D:4)
  2 goblin zombies (Ossuary)
  5 hobgoblin zombies (Ossuary)
  13 kobold zombies (Ossuary)
  3 orc skeletons (D:8)
  9 orc zombies (Ossuary)
  10 quokkas
  9 rats
  2 rat skeletons
  2 rat zombies (Ossuary)
  4 plants (Lair:5)
869 creatures vanquished.

Vanquished Creatures (others)
  A green rat (Lair:8)
  An orc (Orc:4)
  24 fungi (Lair:8)
  2 plants (Lair:8)
  3 starspawn tentacles (Abyss:1)
  36 starspawn tentacle segments (Abyss:1)
67 creatures vanquished.

Grand Total: 936 creatures vanquished

Notes
Turn   | Place    | Note
--------------------------------------------------------------
     0 | D:1      | 4tharraofdagon, the Troll Monk, began the quest for the Orb.
     0 | D:1      | Reached XP level 1. HP: 22/22 MP: 1/1
   239 | D:3      | Reached XP level 2. HP: 29/29 MP: 1/1
   344 | D:3      | Noticed an orc priest
   346 | D:3      | Noticed an orc priest
   389 | D:4      | Reached skill level 5 in Unarmed Combat
   389 | D:4      | Reached XP level 3. HP: 8/36 MP: 2/2
   517 | D:4      | Reached XP level 4. HP: 33/44 MP: 2/2
   556 | D:5      | Entered Level 5 of the Dungeon
   591 | D:5      | Reached skill level 6 in Unarmed Combat
   683 | D:5      | Reached XP level 5. HP: 50/50 MP: 2/2
   691 | D:5      | Found a shimmering altar of Xom.
   854 | D:5      | Reached skill level 7 in Unarmed Combat
   913 | D:6      | Reached XP level 6. HP: 43/59 MP: 3/3
   950 | D:6      | Reached skill level 8 in Unarmed Combat
  1077 | D:5      | Noticed an ice beast
  1251 | D:5      | Reached XP level 7. HP: 59/66 MP: 3/3
  1555 | D:7      | Reached skill level 1 in Evocations
  1618 | D:7      | Reached skill level 9 in Unarmed Combat
  2020 | D:4      | Noticed a slave
  2021 | D:4      | Noticed Pikel
  2021 | D:4      | Noticed a slave
  2021 | D:4      | Noticed a slave
  2023 | D:4      | Noticed a slave
  2034 | D:4      | Killed Pikel
  2034 | D:4      | Reached skill level 10 in Unarmed Combat
  2034 | D:4      | Reached XP level 8. HP: 50/74 MP: 5/7
  2437 | D:7      | Found a staircase to the Ecumenical Temple.
  2447 | Temple   | Entered the Ecumenical Temple
  2487 | Temple   | Became a worshipper of Cheibriados the Contemplative
  2599 | D:8      | Noticed Blork the orc
  2604 | D:8      | Killed Blork the orc
  2621 | D:8      | Reached skill level 11 in Unarmed Combat
  2682 | D:8      | Reached XP level 9. HP: 71/80 MP: 10/10
  2765 | D:8      | WTF
  2922 | D:8      | Found a sand-covered staircase.
  2936 | Ossuary  | Entered an ossuary
  2951 | Ossuary  | Acquired Cheibriados' first power
  3195 | D:8      | Acquired Cheibriados' second power
  3265 | D:8      | Reached skill level 1 in Invocations
  3321 | D:9      | Noticed Eustachio
  3334 | D:9      | Killed Eustachio
  3334 | D:9      | Reached skill level 12 in Unarmed Combat
  3384 | D:9      | Reached skill level 5 in Evocations
  3610 | D:10     | Entered Level 10 of the Dungeon
  3628 | D:10     | Reached XP level 10. HP: 48/88 MP: 11/13
  3634 | D:10     | Acquired Cheibriados' third power
  3745 | D:9      | Found a glowing silver altar of Zin.
  3885 | D:11     | Noticed a hill giant
  3928 | D:11     | Killed a hill giant
  3928 | D:11     | Reached skill level 13 in Unarmed Combat
  4122 | D:11     | Noticed a cyclops
  4123 | D:11     | Found a staircase to the Lair.
  4132 | D:11     | Killed a cyclops
  4413 | Lair:1   | Entered Level 1 of the Lair of Beasts
  4555 | Lair:1   | Reached XP level 11. HP: 91/97 MP: 15/15
  4711 | Lair:2   | Reached skill level 5 in Invocations
  4958 | Lair:3   | Reached skill level 14 in Unarmed Combat
  5014 | Lair:4   | Found a glowing silver altar of Zin.
  5048 | Lair:4   | Found a staircase to the Snake Pit.
  5067 | Lair:4   | Noticed a four-headed hydra
  5160 | Lair:3   | Noticed Prince Ribbit
  5166 | Lair:3   | Killed Prince Ribbit
  5274 | Lair:5   | Noticed a six-headed hydra
  5298 | Lair:5   | Killed a six-headed hydra
  5298 | Lair:5   | Reached skill level 1 in Spellcasting
  5365 | Lair:4   | Found a hole to the Spider Nest.
  5531 | Lair:5   | Reached XP level 12. HP: 100/110 MP: 18/18
  5605 | Lair:5   | Reached skill level 5 in Fighting
  5665 | Lair:5   | Noticed a five-headed hydra
  5673 | Lair:4   | Reached skill level 5 in Dodging
  5708 | Lair:4   | Found a staircase to the Shoals.
  5762 | Lair:4   | Reached skill level 15 in Unarmed Combat
  5945 | Lair:6   | Identified the Almanac of the Snowflakes
  6063 | Lair:6   | Got a pair of faintly glowing boots
  6091 | Lair:6   | Found a staircase to the Slime Pits.
  6136 | Lair:6   | Found a dark tunnel.
  6194 | Lair:6   | Noticed an eight-headed hydra
  6196 | Lair:6   | Noticed a fire dragon
  6196 | Lair:6   | an eight-headed hydra changed into a fire dragon
  6200 | Lair:6   | Killed a fire dragon
  6214 | Volcano  | Entered a volcano
  6492 | Lair:7   | Found a bloodstained altar of Trog.
  6540 | Lair:7   | Found a labyrinth entrance.
  6549 | Lab      | Entered a labyrinth
  6723 | Lab      | Noticed a minotaur
  6741 | Lab      | Killed a minotaur
  6755 | Lab      | Got a fine tin amulet
  6764 | Lab      | Learned a level 1 spell: Apportation
  6766 | Lab      | Learned a level 1 spell: Animate Skeleton
  6772 | Lab      | Learned a level 3 spell: Conjure Flame
  6777 | Lab      | Learned a level 4 spell: Sticky Flame
  6814 | Lair:8   | Entered Level 8 of the Lair of Beasts
  6817 | Lair:8   | Noticed a seven-headed hydra
  6820 | Lair:8   | a seven-headed hydra changed into a giant leech
  7019 | Lair:8   | Reached XP level 13. HP: 94/120 MP: 20/20
  7179 | Lair:8   | Identified the amulet "Hastra Numa" {Clar rF+} (You found it in a labyrinth)
  7302 | Lair:8   | Gained mutation: You have very sharp teeth. [potion of mutation]
  7464 | Lair:8   | Reached skill level 16 in Unarmed Combat
  7891 | Lair:8   | Reached skill level 1 in Translocations
  8152 | Lair:8   | Identified the Incunabulum of Benedictions
  8160 | Lair:8   | Learned a level 2 spell: Song of Slaying
  8163 | Lair:8   | Learned a level 2 spell: Repel Missiles
  8480 | Lair:3   | Noticed Rupert
  8484 | Lair:3   | Paralysed by Rupert for 5 turns
  8492 | Lair:3   | Killed Rupert
  8492 | Lair:3   | Reached XP level 14. HP: 70/133 MP: 14/22
  8806 | D:9      | Found a roughly hewn altar of Beogh.
  8809 | D:9      | Found a staircase to the Orcish Mines.
  8849 | Orc:1    | Entered Level 1 of the Orcish Mines
  8851 | Orc:1    | Found a frozen archway.
  8918 | IceCv    | Entered an ice cave
  9368 | Orc:3    | Noticed Donald
  9439 | Orc:3    | Killed Donald
  9439 | Orc:3    | Reached skill level 1 in Charms
  9504 | Orc:3    | Found a staircase to the Elven Halls.
  9924 | Orc:2    | Reached skill level 1 in Shields
 10094 | Orc:2    | Found a roughly hewn altar of Beogh.
 10189 | Orc:4    | Entered Level 4 of the Orcish Mines
 10189 | Orc:4    | Found Blud's Distillery.
 10189 | Orc:4    | Found Thrucol's Gadget Boutique.
 10621 | Orc:4    | Found Xoipaosu's Armour Shop.
 10622 | Orc:4    | Found Ceded's Gadget Emporium.
 10640 | Orc:4    | Reached skill level 17 in Unarmed Combat
 10676 | Orc:4    | Found Moquefim's Food Emporium.
 10755 | Orc:4    | Bought a potion of beneficial mutation for 595 gold pieces
 10757 | Orc:4    | Gained mutation: You passively map a small area around you. [potion of beneficial mutation]
 10776 | Orc:4    | Bought a +1 large shield of protection for 635 gold pieces
 10779 | Orc:4    | Noticed Grum
 10788 | Orc:4    | Killed Grum
 10889 | Orc:4    | Bought a potion of agility for 42 gold pieces
 10889 | Orc:4    | Bought a potion of paralysis for 17 gold pieces
 10889 | Orc:4    | Bought a potion of curing for 34 gold pieces
 10889 | Orc:4    | Bought a potion of curing for 34 gold pieces
 10889 | Orc:4    | Bought a potion of brilliance for 42 gold pieces
 10889 | Orc:4    | Bought a potion of curing for 34 gold pieces
 10889 | Orc:4    | Bought a potion of curing for 34 gold pieces
 10907 | Orc:4    | Found a roughly hewn altar of Beogh.
 11062 | Elf:1    | Entered Level 1 of the Elven Halls
 11251 | Elf:1    | Found a portal to a secret trove of treasure.
 11326 | Elf:3    | Entered Level 3 of the Elven Halls
 11364 | Elf:3    | :D
 11371 | Elf:3    | Noticed a cacodemon
 11371 | Elf:3    | Noticed an Ice Fiend
 11375 | Elf:3    | Noticed an Executioner
 11376 | Elf:3    | Noticed a deep elf master archer
 11465 | Elf:3    | Noticed a deep elf sorcerer
 11477 | Elf:3    | Killed a deep elf sorcerer
 11503 | Elf:3    | Cast into the Abyss (deep elf demonologist)
 11565 | Abyss:1  | Noticed a tentacled starspawn
 11579 | Abyss:1  | Reached XP level 15. HP: 143/143 MP: 21/21
 11588 | Abyss:1  | Killed a tentacled starspawn
 11624 | Abyss:1  | Mangled by a shadow wraith

Action                   |  1- 3 |  4- 6 |  7- 9 | 10-12 | 13-15 || total
-------------------------+-------+-------+-------+-------+-------++-------
Melee: Unarmed           |    39 |    96 |   442 |   519 |   750 ||  1846
Throw: Javelin           |     1 |       |       |     5 |       ||     6
 Cast: Conjure Flame     |       |       |       |       |     1 ||     1
Invok: Slouch            |       |       |       |    13 |    28 ||    41
Evoke: Wand              |       |       |     3 |    35 |    16 ||    54
  Use: Potion            |     1 |       |     1 |     1 |     4 ||     7
       Scroll            |       |     4 |     7 |    16 |    17 ||    44
 Stab: Sleeping          |     1 |       |     5 |     6 |     4 ||    16
       Distracted        |       |     1 |     1 |     1 |     1 ||     4
       Invisible         |       |       |     2 |       |    16 ||    18
       Fleeing           |       |       |     1 |       |       ||     1
       Petrified         |       |       |       |     2 |       ||     2
       Paralysed         |       |       |       |     2 |       ||     2
